 Dungeon Crawl Stone Soup version 0.31-a0-182-gc5ef74bbde (webtiles) character file.

Game seed: 13814473993463917729

420499 Dittersdorf the Hoplite (level 23, -4/250 HPs)
             Began as a Gargoyle Fighter on June 15, 2023.
             Was a High Priest of Okawaru.
             Slain by a vault warden
             ... wielding a +1 long sword of holy wrath
              (10 damage)
             ... on level 5 of the Vaults on June 21, 2023.
             The game lasted 01:44:29 (46203 turns).

Dittersdorf the Hoplite (Gargoyle Fighter)         Turns: 46203, Time: 01:44:30

Health: -4/250     AC: 55    Str: 35    XL:     23   Next: 70%
Magic:  23/23      EV:  9    Int: 12    God:    Okawaru [*****.]
Gold:   5021       SH: 23    Dex: 12    Spells: 22/22 levels left

rFire   + + .        g - +8 eveningstar (elec)
rCold   + + .        F - +0 tower shield {rF+}
rNeg    + . .        I - +3 plate armour of Sisuwuw {Will+ Str+6}
rPois   ∞            R - +2 helmet {SInv}
rElec   +            v - +1 cloak {rCorr}
rCorr   +            O - +2 pair of gloves {Str+3}
SInv    +            T - +1 pair of boots of Bad Feelings {rCorr}
Will    ++++.        u - amulet of regeneration Stlth
                     i - ring of Duwkotie {rPois rC+ Will+ Int-2 Dex+3}
HPRegen 1.41/turn    D - ring of willpower
MPRegen 0.18/turn

%: no passive effects
@: mighty, berserking (expiring), resistant, flying, hasted, studying 2 skills,
invisible, very quick
A: sickness immunity, AC +17, big wings, negative energy resistance 1,
electricity resistance, torment resistance 1, petrification resistance
}: 2/15 runes: decaying, serpentine
a: Renounce Religion, Heroism, Finesse, Duel


You were on level 5 of the Vaults.
You worshipped Okawaru.
Okawaru was extremely pleased with you.
You visited 8 branches of the dungeon, and saw 39 of its levels.
You visited the Abyss 2 times.
You visited 1 bazaar.
You also visited: Ice Cave and Desolation.

You collected 5599 gold pieces.
You spent 578 gold pieces at shops.

Inventory:

Hand Weapons
 g - a +8 eveningstar of electrocution (weapon)
Missiles
 C - 3 throwing nets
Armour
 v - a +1 cloak of preservation (worn)
 F - a +0 tower shield of fire resistance (worn)
 I - the +3 plate armour of Sisuwuw (worn) {Will+ Str+6}
   (Okawaru gifted it to you on level 3 of the Lair of Beasts)

   Str:       It affects your strength (+6).
   Will:      It increases your willpower.
 O - a +2 pair of gloves of strength (worn)
 R - a +2 helmet of see invisible (worn)
 T - the +1 pair of boots of Bad Feelings (worn) {rCorr}
   (You found it in the Desolation of Salt)

   rCorr:     It protects you from acid and corrosion.
Magical Staves
 M - a staff of earth
Jewellery
 a - the ring of the Equinox {rF+ rC+ rN+++ Str-5 Int+2}
   (You took it off a deep elf zephyrmancer on level 2 of the Elven Halls)

   [ring of protection from cold]

   Str:       It affects your strength (-5).
   Int:       It affects your intelligence (+2).
   rF:        It protects you from fire.
   rC:        It protects you from cold.
   rN:        It renders you almost immune to negative energy.
 i - the ring of Duwkotie (left hand) {rPois rC+ Will+ Int-2 Dex+3}
   (You acquired it on level 5 of the Dungeon)

   [ring of willpower]

   Int:       It affects your intelligence (-2).
   Dex:       It affects your dexterity (+3).
   rC:        It protects you from cold.
   rPois:     It protects you from poison.
   Will:      It increases your willpower.
 j - a ring of positive energy
 l - the amulet "Qadun" {Spirit rF+}
   (You took it off a vault warden on level 1 of the Vaults)

   [amulet of guardian spirit]

   It causes incoming damage to be divided between your reserves of health and
   magic.
   rF:        It protects you from fire.
 m - a ring of ice
 n - the amulet of Juunakox {Reflect rElec Int+2 SH+5}
   (You found it in the Desolation of Salt)

   [amulet of reflection]

   It reflects blocked missile attacks.
   Int:       It affects your intelligence (+2).
   rElec:     It insulates you from electricity.
   SH:        It affects your SH (+5).
 u - an amulet of regeneration (around neck)
 D - a ring of willpower (right hand)
 H - the ring "Sotri" {Fly rPois rC++ Int-4}
   (You found it in the Desolation of Salt)

   [ring of flight]

   Int:       It affects your intelligence (-4).
   rC:        It greatly protects you from cold.
   rPois:     It protects you from poison.
   Fly:       It grants you flight.
 K - a ring of see invisible
 P - the macabre finger necklace {Finger+ rN+}
   (You took it off a deep elf zephyrmancer on level 3 of the Elven Halls)

   [amulet of nothing]

   Finger+:   It enables you to equip an extra ring.
   rN:        It protects you from negative energy.
 Q - the necklace of Bloodlust {Fury *Rage Will++ Int-3 Slay+6}
   (You found it on level 3 of the Vaults)

   [amulet of nothing]

   Fury:      It extends the wearer's berserk rage when killing foes.
   Int:       It affects your intelligence (-3).
   Slay:      It affects your accuracy & damage with ranged weapons and melee
   (+6).
   *Rage:     It berserks you when you make melee attacks (+50% chance).
   Will:      It greatly increases your willpower.
 S - the ring "Xauloeng" {Str+2 Int-3 Dex+6 Stlth+}
   (You found it in the Desolation of Salt)

   [ring of dexterity]

   Str:       It affects your strength (+2).
   Int:       It affects your intelligence (-3).
   Dex:       It affects your dexterity (+6).
   Stlth:     It makes you more stealthy.
 U - the ring "Gaepret" {Drain rF++ SInv}
   (You took it off an ogre mage on level 5 of the Vaults)

   [ring of see invisible]

   rF:        It greatly protects you from fire.
   SInv:      It lets you see invisible.
   Drain:     It drains your maximum health when unequipped.
Wands
 c - a wand of light (12)
 r - a wand of digging (31)
 G - a wand of iceblast (41)
Scrolls
 e - 6 scrolls of poison
 o - 11 scrolls of teleportation
 s - 9 scrolls of enchant armour
 w - 2 scrolls of fear
 y - 2 scrolls of blinking
 z - 4 scrolls of silence
 A - a scroll of enchant weapon
 B - 4 scrolls of fog
 N - 11 scrolls of identify
Potions
 b - 7 potions of haste
 d - 5 potions of might
 f - 3 potions of mutation
 h - 2 potions of invisibility
 k - 6 potions of enlightenment
 p - 5 potions of ambrosia
 q - 5 potions of magic
 t - 2 potions of heal wounds
 x - a potion of berserk rage
 E - 4 potions of brilliance
 L - a potion of cancellation


   Skills:
 + Level 24.2 Fighting
 + Level 22.0 Maces & Flails
 + Level 23.0 Armour
 + Level 24.5 Shields


You had 22 spell levels left.
You didn't know any spells.
Your spell library contained the following spells:

 Spells                   Type           Power      Damage    Failure   Level
 Apportation              Tloc           0%         N/A       73%         1
 Beastly Appendage        Tmut           0%         N/A       73%         1
 Freeze                   Ice            0%         1d3       73%         1
 Kiss of Death            Conj/Necr      0%         2d5       73%         1
 Necrotise                Necr           0%         1d4       73%         1
 Shock                    Conj/Air       0%         1d3       73%         1
 Slow                     Hex            0%         N/A       73%         1
 Ensorcelled Hibernation  Hex/Ice        0%         N/A       86%         2
 Lesser Beckoning         Tloc           0%         N/A       86%         2
 Passwall                 Tmut/Erth      0%         N/A       86%         2
 Poisonous Vapours        Pois/Air       0%         N/A       86%         2
 Scorch                   Fire           0%         2d5       86%         2
 Wereblood                Tmut           0%         N/A       86%         2
 Confusing Touch          Hex            0%         N/A       97%         3
 Dazzling Flash           Conj/Hex       0%         N/A       97%         3
 Frozen Ramparts          Ice            0%         1d1       97%         3
 Gell's Gravitas          Tloc           0%         N/A       97%         3
 Hailstorm                Conj/Ice       0%         3d3       97%         3
 Inner Flame              Hex/Fire       0%         N/A       97%         3
 Mephitic Cloud           Conj/Pois/Air  0%         N/A       97%         3
 Ozocubu's Armour         Ice            0%         N/A       97%         3
 Portal Projectile        Hex/Tloc       0%         N/A       97%         3
 Spider Form              Tmut/Pois      0%         N/A       97%         3
 Swiftness                Air            0%         N/A       97%         3
 Teleport Other           Tloc           0%         N/A       97%         3
 Vampiric Draining        Necr           0%         2d6       97%         3
 Airstrike                Air            0%         2d(0-16)  100%        4
 Dispel Undead            Necr           0%         3d6       100%        4
 Flame Wave               Conj/Fire      0%         2d4       100%        4
 Ice Form                 Ice/Tmut       0%         N/A       100%        4
 Leda's Liquefaction      Hex/Erth       0%         N/A       100%        4
 Petrify                  Tmut/Erth      0%         N/A       100%        4
 Sticky Flame             Conj/Fire      0%         2d3       100%        4
 Agony                    Necr           0%         N/A       100%        5
 Alistair's Intoxication  Tmut/Pois      0%         N/A       100%        5
 Borgnjor's Vile Clutch   Necr/Erth      0%         N/A       100%        5
 Freezing Cloud           Conj/Ice/Air   0%         6-21      100%        5
 Silence                  Hex/Air        0%         N/A       100%        5
 Dispersal                Tloc           0%         N/A       100%        6
 Ozocubu's Refrigeration  Ice            0%         4d7       100%        7
 Summon Small Mammal      Summ           Unusable   N/A       N/A         1
 Call Canine Familiar     Summ           Unusable   N/A       N/A         3
 Animate Dead             Necr           Unusable   N/A       N/A         4
 Death Channel            Necr           Unusable   N/A       N/A         6
 Statue Form              Tmut/Erth      Unusable   N/A       N/A         6
 Summon Cactus Giant      Summ           Unusable   N/A       N/A         6

Dungeon Overview and Level Annotations

Branches:
Dungeon (15/15)            Temple (1/1) D:5            Lair (5/5) D:10
  Swamp (4/4) Lair:3        Snake (4/4) Lair:2        Slime (0/5) Lair:4
    Orc (2/2) D:11            Elf (3/3) Orc:2        Vaults (5/5) D:14
  Crypt (0/3) Vaults:2     Depths (0/4) D:15          IceCv (visited)
Desolation (visited)

Altars:
Ashenzari
Cheibriados
Dithmenos
Elyvilon
Fedhas
Gozag
Hepliaklqana
Kikubaaqudgha
Makhleb
Nemelex Xobeh
Okawaru
Qazlal
Ru
Sif Muna
Trog
Uskayaw
Vehumet
Wu Jian
Xom
Yredelemnul
Zin
The Shining One

Shops:
D:4 *   D:5 *   D:6 :   D:10 ?   D:13 (   Orc:2 [[?::   Elf:1 *   Elf:2 ?
Elf:3 [   Snake:3 (   Snake:4 ((*(

Portals:
Hell: Lair:5


Innate Abilities, Weirdness & Mutations

You are immune to sickness and miasma.
Your stone body is resilient. (AC +17)
You are immune to poison.
Your large and strong wings let you fly.
You resist negative energy. (rN+)
You are resistant to electric shocks. (rElec)
You are resistant to unholy torment.
You are immune to petrification.


Message History

Okawaru accepts your kill.
The white very ugly thing gurgles horribly!
You perforate the ettin like a sieve!!!
You kill the ettin!
Okawaru accepts your kill.
You flatten the vault warden like a pancake!!!
The vault warden is heavily wounded.
You perforate the fire giant like a sieve!!!
The fire giant is moderately wounded.
The white very ugly thing gurgles horribly!
The storm dragon breathes lightning at you.
The bolt of lightning misses you. You block the vault warden's attack.
The fire giant hits you with a +2 great sword of flaming!!
* * * LOW HITPOINT WARNING * * *
The fire giant burns you.
* * * LOW HITPOINT WARNING * * *
You puncture the fire giant!
The fire giant is heavily wounded.
The white very ugly thing gurgles horribly!
You impale the fire giant!!
The fire giant is almost dead.
The white very ugly thing gurgles horribly!
The storm dragon misses you. The storm dragon closely misses you.
The storm dragon tramples you but does no damage.
You skewer the fire giant like a kebab!!!
You kill the fire giant!
Okawaru accepts your kill.
The white very ugly thing gurgles horribly!
You hear a deafening roar!
The vault warden hits you with a +1 long sword of holy wrath!
* * * LOW HITPOINT WARNING * * *
The white very ugly thing gurgles horribly!
You block the vault warden's attack.
You impale the storm dragon!!
The storm dragon is moderately wounded.
The white very ugly thing gurgles horribly!
The white very ugly thing gurgles horribly!
You hear a deafening roar!
The vault warden hits you with a +1 long sword of holy wrath!
You die...

##...#.....#.)..#....#..######
##....#..#.X#....#....#.......#
##....#...#)CD.#..#...)#.......#
##.....#..))....#..#....######..#
#[....#...#..#..C..#....#.......#
).....#...#..#...pCp...)^.......#
##################uC......#######
...............†pD.......[.......
................@u......)........
#################################


You could see a storm dragon (unable to see you, catching breath), a frost
giant, 2 very ugly things, a stone giant (unable to see you), a vault warden and
a vault guard.

Vanquished Creatures
  A dread lich (Vaults:5)
  2 ancient liches (Vaults:5)
  Margery (Vaults:2)
  2 golden dragons (Vaults:5)
  A bone dragon (Abyss:3)
  4 tentacled monstrosities
  Mlioglotl (Swamp:2)
  Rupert (D:15)
  3 liches
  A deep elf blademaster (Elf:2)
  4 titans (Vaults:5)
  2 deep elf master archers
  2 tentacled starspawn
  3 sphinxes
  2 shadow dragons
  3 tengu reavers (Vaults:5)
  Kirke (Lair:3)
  8 nagarajas
  6 fenstrider witches
  Roxanne (Swamp:2)
  3 fire giants (Vaults:5)
  12 vault wardens
  Aizul (Snake:1)
  3 deep elf sorcerers
  The ghost of Midn8 the Pandemonic, a journeyman DsRe of Makhleb (Lair:2)
  4 imperial myrmidons (Desolation)
  Louise (D:14)
  3 deep elf elementalists
  A balrug (Abyss:3)
  2 ghouls (Swamp:4)
  19 ironbound preservers
  4 stone giants
  3 ironbound thunderhulks
  4 very ugly things
  2 angels (Vaults:4)
  A lorocyproca (Abyss:4)
  2 vampire knights (Vaults:2)
  2 war gargoyles
  4 orc warlords
  6 deep elf annihilators
  3 eleionomae
  Nessos (D:12)
  7 deep elf demonologists
  3 halazid warlocks (Desolation)
  10 dire elephants
  Snorg (D:12)
  2 bunyips
  3 green deaths
  A crystal guardian (Desolation)
  7 deep elf death magi
  4 ettins
  A blizzard demon (Swamp:3)
  A great orb of eyes (shapeshifter) (Vaults:1)
  The ghost of IdlyInterested the Fighter, a journeyman DsGl of Qazlal (D:11)
  8 yaktaur captains
  2 entropy weavers
  5 great orbs of eyes
  5 peacekeepers (Desolation)
  A rakshasa (Abyss:3)
  29 vault guards
  9 hydras
  2 salamander tyrants
  9 deep elf high priests
  An ice dragon (IceCv)
  4 servants of whispers (Desolation)
  3 ogre magi
  5 ragged hierophants (Desolation)
  10 ironbound frosthearts
  2 ghost crabs
  5 two-headed ogres
  15 centaur warriors
  30 dancing weapons
  Erica (D:8)
  9 boulder beetles
  8 death yaks
  A tengu warrior (D:14)
  5 anacondas
  6 alligators
  16 naga warriors
  Urug (D:12)
  4 deep troll earth magi
  3 thrashing horrors (Abyss:3)
  3 shock serpents
  5 orc high priests
  13 naga sharpshooters
  6 hell knights
  3 soul eaters
  18 deep elf knights
  3 spriggan berserkers
  6 spriggans
  3 sun demons (Abyss:3)
  2 shadow wraiths (Vaults:5)
  5 skysharks
  An iron troll (Vaults:3)
  6 salamander mystics
  2 wretched stars (Abyss:3)
  2 death drakes
  A skeletal warrior (D:14)
  3 sixfirhies
  7 goliath frogs
  2 spriggan druids (Swamp:4)
  40 deep trolls
  A goliath frog (shapeshifter) (Vaults:1)
  5 swamp dragons
  10 wizards
  A flayed ghost (Vaults:5)
  7 deep elf archers
  A glowing orange brain (Abyss:4)
  22 ironbound convokers
  Pikel (D:5)
  3 phantasmal warriors
  A bog body (Swamp:3)
  3 necromancers
  12 lindwurms
  12 naga ritualists
  12 orc knights
  24 ugly things
  27 deep elf zephyrmancers
  9 orc sorcerers
  27 deep elf pyromancers
  9 mana vipers
  6 cyclopes
  2 will-o-the-wisps
  6 moths of wrath
  A manticore (shapeshifter) (Vaults:1)
  5 manticores
  13 salamanders
  25 elephants
  A worldbinder (Abyss:3)
  28 black mambas
  A guardian serpent (shapeshifter) (Elf:2)
  2 torpor snails (shapeshifter)
  12 guardian serpents
  21 vault sentinels
  2 torpor snails
  A centaur zombie (Abyss:3)
  17 naga magi
  A smoke demon (Abyss:3)
  A gargoyle (D:14)
  2 ice statues (IceCv)
  2 orange demons
  An unseen horror (Abyss:3)
  15 cane toads
  A kobold demonologist (D:12)
  2 tengu conjurers
  The ghost of rinse the Covert, a novice KoDe (D:6)
  3 efreet
  A freezing wraith (D:15)
  8 rime drakes
  27 yaktaurs
  10 komodo dragons
  2 ice devils (Lair:5)
  3 ancient zymes (Abyss:3)
  2 burning bushes (Lair:1)
  A polar bear (Lair:3)
  2 red devils (Lair:5)
  7 trolls
  A silent spectre (Vaults:3)
  3 meliai (D:14)
  A tyrant leech (shapeshifter) (Vaults:1)
  8 hornets
  2 hellwings
  7 blink frogs (Lair:3)
  11 tyrant leeches
  7 dream sheep (Lair:5)
  A dream sheep (shapeshifter) (Elf:3)
  42 saltlings (Desolation)
  Prince Ribbit (D:6)
  25 slime creatures
  Sigmund (D:6)
  3 air elementals
  4 flying skulls (Abyss:3)
  2 shadows (D:12)
  8 wyverns
  11 water elementals
  4 wraiths
  8 basilisks
  4 fire elementals
  2 humans (Lair:3)
  5 starcursed masses (Abyss:3)
  2 wyverns (shapeshifter)
  62 yaks
  3 hogs (Lair:3)
  3 neqoxecs
  A golden eye (shapeshifter) (Vaults:1)
  A redback (Vaults:2)
  22 vampire mosquitoes
  Menkaure (D:5)
  22 swamp worms
  7 wargs
  48 nagas
  3 acid dragons
  9 large abominations
  14 water moccasins
  4 hell hounds (Lair:5)
  26 orc warriors
  3 swamp drakes
  3 black bears
  3 ice beasts
  2 sky beasts
  8 ogres
  6 wolves
  7 small abominations
  11 centaurs
  2 phantoms
  4 kobold brigands
  Blork the orc (D:5)
  4 earth elementals
  16 bullfrogs
  2 gnoll sergeants
  3 scorpions
  10 wights
  4 lindwurm simulacra (IceCv)
  4 killer bees (D:10)
  3 howler monkeys
  7 electric eels
  A quasit (Abyss:4)
  A bullfrog zombie (D:5)
  9 komodo dragon simulacra (IceCv)
  A hound (D:5)
  7 jellies
  17 orc priests
  A gnoll bouda (D:6)
  A sleepcap (D:5)
  An iguana (D:5)
  A scorpion zombie (D:5)
  23 orc wizards
  A polar bear simulacrum (Lair:3)
  2 wolf simulacra (Lair:3)
  8 adders
  20 gnolls
  4 acid dragon simulacra (IceCv)
  A shadow imp (D:8)
  A white imp (Abyss:2)
  2 ufetubi (D:4)
  4 steam dragon simulacra (IceCv)
  4 worms
  3 dart slugs
  61 orcs
  6 bats
  5 endoplasms
  3 giant cockroaches
  4 goblins
  6 hobgoblins
  14 jackals
  35 kobolds
  4 quokkas
  12 ball pythons
  2 frilled lizards (D:1)
  9 rats
1690 creatures vanquished.

Vanquished Creatures (others)
  2 alligators (Swamp:4)
  A naga warrior (Snake:2)
  A deep elf knight (Elf:2)
  A black mamba (Snake:1)
  An apocalypse crab (Abyss:3)
  A rime drake (IceCv)
  A tengu conjurer (D:14)
  3 bloated husks
  A spriggan (Swamp:2)
  2 vampire mosquitoes (Swamp:1)
  A swamp worm (Swamp:1)
  An orc wizard (Elf:2)
  3 orcs
  16 foxfires
  3 lurking horrors (Abyss:3)
  6 starspawn tentacles
44 creatures vanquished.

Grand Total: 1734 creatures vanquished

Notes
Turn   | Place    | Note
-------+----------+-------------------------------------------
     0 | D:1      | Dittersdorf the Gargoyle Fighter began the quest for the
                  | Orb.
     0 | D:1      | Reached XP level 1. HP: 14/14 MP: 1/1
   307 | D:1      | Reached XP level 2. HP: 8/19 MP: 2/2
   650 | D:1      | Reached XP level 3. HP: 17/23 MP: 3/3
   800 | D:1      | Found a faded altar of an unknown god.
  1460 | D:2      | Reached XP level 4. HP: 29/29 MP: 4/4
  2211 | D:3      | Found a sacrificial altar of Ru.
  2385 | D:3      | Found a sparkling altar of Nemelex Xobeh.
  2423 | D:3      | Reached XP level 5. HP: 33/33 MP: 5/5
  2993 | D:4      | Found Vunaixejyd's Assorted Antiques.
  3002 | D:4      | Reached XP level 6. HP: 39/39 MP: 6/6
  3443 | D:4      | Found an ornate altar of the Wu Jian Council.
  3614 | D:4      | Found a glowing golden altar of the Shining One.
  3696 | D:5      | Entered Level 5 of the Dungeon
  3697 | D:5      | Identified 3 scrolls of acquirement
  3697 | D:5      | Acquired a +2 demon whip of draining
  3700 | D:5      | Acquired the +2 crystal plate armour of Zaligiox {rElec rC+
                  | Str+4}
  3725 | D:5      | Acquired a manual of Shields
  3852 | D:5      | Reached skill level 5 in Shields
  3854 | D:5      | Found a staircase to the Ecumenical Temple.
  3861 | Temple   | Entered the Ecumenical Temple
  3929 | Temple   | Became a worshipper of Warmaster Okawaru
  3946 | D:5      | Reached skill level 5 in Armour
  3982 | D:5      | Reached skill level 5 in Fighting
  3982 | D:5      | Reached XP level 7. HP: 44/44 MP: 7/7
  4030 | D:5      | Found a basalt altar of Yredelemnul.
  4071 | D:5      | Found Tauduk's General Store.
  4155 | D:5      | Reached * piety under Okawaru
  4260 | D:5      | Noticed Menkaure
  4266 | D:5      | Killed Menkaure
  4267 | D:5      | Reached XP level 8. HP: 49/51 MP: 8/8
  4360 | D:5      | Acquired the ring of Duwkotie {rPois rC+ Will+ Int-2 Dex+3}
  4420 | D:5      | Noticed Blork the orc
  4422 | D:5      | Noticed Pikel
  4438 | D:5      | Killed Pikel
  4438 | D:5      | Reached ** piety under Okawaru
  4439 | D:5      | Reached skill level 5 in Maces & Flails
  4439 | D:5      | Killed Blork the orc
  4619 | D:6      | Found a large runed translucent door.
  4619 | D:6      | Found a large runed translucent door.
  4623 | D:6      | Noticed rinse's ghost (novice KoDe)
  4667 | D:6      | Reached *** piety under Okawaru
  4704 | D:6      | Reached XP level 9. HP: 56/56 MP: 9/9
  4764 | D:6      | Noticed Sigmund
  4772 | D:6      | Killed Sigmund
  4928 | D:6      | Found Yleguil's Tremendous Tomes.
  5080 | D:6      | Reached **** piety under Okawaru
  5372 | D:6      | Noticed Prince Ribbit
  5382 | D:6      | Killed Prince Ribbit
  5436 | D:6      | Killed rinse's ghost
  5437 | D:6      | Reached skill level 10 in Shields
  5467 | D:7      | Found a white marble altar of Elyvilon.
  5615 | D:7      | Reached XP level 10. HP: 56/64 MP: 10/10
  6027 | D:8      | Reached ***** piety under Okawaru
  6219 | D:8      | Noticed Erica
  6231 | D:8      | Found a shadowy altar of Dithmenos.
  6237 | D:8      | Killed Erica
  6463 | D:9      | Identified the +0 leather armour of the Volcano {rC+ Will+}
  6562 | D:9      | Found a broken altar of Ashenzari.
  6652 | D:9      | Found a shimmering blue altar of Sif Muna.
  6756 | D:9      | Found a hazy altar of Hepliaklqana.
  7015 | D:9      | Found an opulent altar of Gozag.
  7072 | D:9      | Found a glowing silver altar of Zin.
  7183 | D:10     | Entered Level 10 of the Dungeon
  7277 | D:10     | Found Afobolol's Magic Scroll Emporium.
  7283 | D:10     | Bought a scroll of enchant armour for 97 gold pieces
  7442 | D:10     | Noticed a two-headed ogre
  7450 | D:10     | Killed a two-headed ogre
  7451 | D:10     | Reached XP level 11. HP: 62/71 MP: 11/11
  7467 | D:10     | Received a gift from Okawaru
  7557 | D:10     | Found a bloodstained altar of Trog.
  7980 | D:10     | Found a staircase to the Lair.
  8248 | Lair:1   | Entered Level 1 of the Lair of Beasts
  8256 | Lair:1   | Reached skill level 10 in Armour
  8259 | Lair:1   | Received a gift from Okawaru
  8260 | Lair:1   | Reached skill level 10 in Fighting
  8515 | Lair:1   | Noticed a boulder beetle
  8539 | Lair:1   | Killed a boulder beetle
  8539 | Lair:1   | Reached ****** piety under Okawaru
  8539 | Lair:1   | Identified the +0 robe "Fuogorot" {Harm rF++ rCorr Int-3}
                  | (Okawaru gifted it to you on level 1 of the Lair of Beasts)
  8539 | Lair:1   | Received a gift from Okawaru
  8706 | Lair:1   | Reached XP level 12. HP: 60/79 MP: 12/12
  8725 | Lair:1   | Reached skill level 10 in Maces & Flails
  8970 | Lair:1   | Noticed a death yak
  8970 | Lair:1   | Noticed a death yak
  8970 | Lair:1   | Noticed a death yak
  8971 | Lair:1   | Noticed a death yak
  8977 | Lair:1   | Noticed a death yak
  8980 | Lair:1   | Noticed a death yak
  8987 | Lair:1   | Killed a death yak
  8990 | Lair:1   | Killed a death yak
  9017 | Lair:1   | Killed a death yak
  9030 | Lair:1   | Killed a death yak
  9048 | Lair:1   | Killed a death yak
  9048 | Lair:1   | Identified the +1 robe "Mienagos" {*Corrode Dex+5} (Okawaru
                  | gifted it to you on level 1 of the Lair of Beasts)
  9048 | Lair:1   | Received a gift from Okawaru
  9049 | Lair:1   | Reached skill level 15 in Shields
  9052 | Lair:1   | Killed a death yak
  9676 | Lair:2   | Reached XP level 13. HP: 86/86 MP: 13/13
  9677 | Lair:2   | Found a staircase to the Snake Pit.
 10128 | Lair:2   | Identified the +1 robe "Lairef" {-Cast Str+3} (Okawaru
                  | gifted it to you on level 2 of the Lair of Beasts)
 10128 | Lair:2   | Received a gift from Okawaru
 10295 | Lair:3   | Noticed Kirke
 10321 | Lair:3   | Killed Kirke
 10368 | Lair:3   | Found a frozen archway.
 10424 | IceCv    | Entered an ice cave
 10911 | IceCv    | Noticed an ice dragon
 10946 | IceCv    | Killed an ice dragon
 11076 | IceCv    | Found the amulet of the Air {Inacc Air Fly rElec RMsl}
 11315 | Lair:3   | Found a staircase to the Swamp.
 12031 | Lair:3   | Identified the +3 plate armour of Sisuwuw {Will+ Str+6}
                  | (Okawaru gifted it to you on level 3 of the Lair of Beasts)
 12031 | Lair:3   | Received a gift from Okawaru
 12117 | Lair:3   | Gained mutation: Your large and strong wings let you fly.
                  | [Gargoyle growth]
 12117 | Lair:3   | Reached XP level 14. HP: 94/94 MP: 14/14
 12760 | Lair:4   | Found a staircase to the Slime Pits.
 13089 | Lair:5   | Entered Level 5 of the Lair of Beasts
 13390 | Lair:5   | Received a gift from Okawaru
 13554 | Lair:5   | Received a gift from Okawaru
 13980 | Lair:5   | Found a burning altar of Makhleb.
 14083 | Lair:5   | HP: 3/96 [hell hound/blast of flame (13)]
 14177 | Lair:5   | Found a gateway to Hell.
 14184 | Lair:5   | Identified the +1 quarterstaff of Quick Death {drain, rElec
                  | rN++}
 14613 | D:11     | Found a transporter.
 14625 | D:11     | Noticed IdlyInterested's ghost (journeyman DsGl)
 14705 | D:11     | Reached XP level 15. HP: 82/101 MP: 15/15
 14773 | D:11     | Found a staircase to the Orcish Mines.
 14855 | D:11     | Found a transporter.
 15067 | D:12     | Noticed Nessos
 15076 | D:12     | Killed Nessos
 15082 | D:12     | Noticed Snorg
 15090 | D:12     | Killed Snorg
 15090 | D:12     | Received a gift from Okawaru
 15150 | D:12     | Found the +27 heavy crossbow "Sniper" {heavy, Acc+∞ SInv}
 15643 | D:12     | Noticed Urug
 15655 | D:12     | Killed Urug
 15823 | D:12     | Reached skill level 15 in Armour
 15905 | D:12     | Reached skill level 15 in Fighting
 16141 | D:13     | Found Wacha's Antique Weapon Emporium.
 16156 | D:13     | Identified the +0 robe of Context {rElec Str+2 Dex-4}
 16370 | D:14     | Received a gift from Okawaru
 16400 | D:14     | Noticed Louise
 16434 | D:14     | Killed Louise
 16661 | D:14     | HP: 5/103 [vault guard/+0 dire flail (9)]
 16849 | D:14     | Found a gate to the Vaults.
 17529 | D:15     | Entered Level 15 of the Dungeon
 17667 | D:15     | Noticed Rupert
 17696 | D:15     | Killed Rupert
 17774 | D:15     | Found a staircase to the Depths.
 17779 | D:15     | Received a gift from Okawaru
 17810 | D:15     | Reached XP level 16. HP: 84/109 MP: 16/16
 18596 | Orc:1    | Entered Level 1 of the Orcish Mines
 19030 | Orc:2    | Entered Level 2 of the Orcish Mines
 19048 | Orc:2    | Found a staircase to the Elven Halls.
 19554 | Orc:1    | Identified the +3 eveningstar "Messev" {freeze, Fragile
                  | Will++} (Okawaru gifted it to you on level 1 of the Orcish
                  | Mines)
 19554 | Orc:1    | Received a gift from Okawaru
 19686 | Orc:2    | Found Yddobb's Book Shoppe.
 19886 | Orc:2    | Found Moolom's Armour Shoppe.
 19886 | Orc:2    | Found Feehikhlyl's Antique Armour Boutique.
 19899 | Orc:2    | Found Gegub's Magic Scroll Shoppe.
 19899 | Orc:2    | Found Qycsog's Book Boutique.
 19907 | Orc:2    | Bought a scroll of enchant weapon for 90 gold pieces
 19910 | Orc:2    | Bought a masterwork scarf for 220 gold pieces
 19910 | Orc:2    | Identified the scarf of Dice, Bag, and Bottle {rC+ rF+,
                  | rPois Dex+2} (You bought it in a shop on level 2 of the
                  | Orcish Mines)
 20069 | Swamp:1  | Entered Level 1 of the Swamp
 20351 | Lair:3   | Received a gift from Okawaru
 21257 | Swamp:2  | Identified Roxanne's Teachings on Reconstruction
 21257 | Swamp:2  | Noticed Roxanne
 21548 | Swamp:2  | Noticed Mlioglotl
 21550 | Swamp:2  | Noticed a tentacled starspawn
 21559 | Swamp:2  | Killed Mlioglotl
 21560 | Swamp:2  | Reached skill level 15 in Maces & Flails
 21927 | Swamp:2  | Noticed a fenstrider witch
 21943 | Swamp:2  | Killed a fenstrider witch
 22143 | Swamp:2  | Identified the +7 hand axe "Rotocoedd" {pain, Will+ Dex+2}
 22181 | Swamp:2  | Killed Roxanne
 22692 | Swamp:3  | Identified the -2 pair of boots of Goemeatz {*Slow +Inv
                  | rPois Regen+} (Okawaru gifted it to you on level 3 of the
                  | Swamp)
 22692 | Swamp:3  | Received a gift from Okawaru
 23109 | Swamp:4  | Entered Level 4 of the Swamp
 23120 | Swamp:4  | Noticed a tentacled monstrosity
 23136 | Swamp:3  | Killed a tentacled monstrosity
 23253 | Swamp:4  | Reached XP level 17. HP: 116/116 MP: 17/17
 24920 | Swamp:4  | Identified the +0 ring mail of a Labyrinth {Fly} (Okawaru
                  | gifted it to you on level 4 of the Swamp)
 24920 | Swamp:4  | Received a gift from Okawaru
 25155 | Swamp:4  | Got a decaying rune of Zot
 25626 | Elf:1    | Entered Level 1 of the Elven Halls
 26028 | Elf:1    | Found Timopho's Overcharged Wands.
 26290 | Elf:1    | Paralysed by an air elemental for 1 turns
 26737 | Elf:1    | Reached XP level 18. HP: 76/124 MP: 18/18
 26937 | Elf:2    | Found Laniw's Magic Scroll Emporium.
 26973 | Elf:2    | Bought a scroll of brand weapon for 171 gold pieces
 27017 | Elf:2    | Received a gift from Okawaru
 27064 | Elf:2    | Paralysed by an air elemental for 1 turns
 27390 | Elf:2    | Found a runed translucent gate.
 27391 | Elf:2    | Found a runed translucent gate.
 27391 | Elf:2    | Found a runed translucent gate.
 27963 | Elf:2    | Identified the -1 cloak of Lifelessness {Dex+3} (Okawaru
                  | gifted it to you on level 2 of the Elven Halls)
 27963 | Elf:2    | Received a gift from Okawaru
 28185 | Elf:2    | Noticed a deep elf blademaster
 28198 | Elf:2    | Killed a deep elf blademaster
 28347 | Elf:3    | Entered Level 3 of the Elven Halls
 28379 | Elf:3    | Found Xal Posam's Antique Armour Boutique.
 28435 | Elf:3    | Found a flickering gateway to a bazaar.
 28441 | Bazaar   | Entered a bazaar
 28441 | Bazaar   | Found Alihevva's Armour Shoppe.
 28441 | Bazaar   | Found Cuic's Distillery.
 28443 | Bazaar   | Found Imeanoe's General Store.
 28459 | Bazaar   | Found Uleniu's Antique Weapon Emporium.
 28731 | Elf:3    | Noticed a deep elf master archer
 28734 | Elf:3    | Identified the ring of the Equinox {rF+ rC+ rN+++ Str-5
                  | Int+2}
 28964 | Elf:2    | Killed a deep elf master archer
 29653 | Elf:3    | Reached XP level 19. HP: 104/132 MP: 16/19
 29707 | Elf:3    | Noticed a Tzitzimitl
 29766 | Elf:3    | Gained mutation: Potions are less effective at restoring
                  | your health. [a neqoxec]
 29859 | Elf:3    | Identified the +10 short sword of Kith {venom, rElec rPois
                  | rCorr Dex-2}
 29860 | Elf:3    | Identified the ring "Sesema" {*Slow rC+ Str+5 Int+2}
 29927 | Elf:3    | Identified the +0 helmet of a Thousand Beds {-Cast rCorr
                  | Str+4 Stlth+} (Okawaru gifted it to you on level 3 of the
                  | Elven Halls)
 29927 | Elf:3    | Received a gift from Okawaru
 30016 | Elf:3    | Identified the +2 halberd of Vipn {speed, Int+4 Dex+3}
 30214 | Elf:3    | Identified the staff of conjuration "Caukk" {Fragile Will++
                  | SInv Stlth-}
 30220 | Elf:3    | Identified the +1 morningstar of Ocugad {freeze, Fragile
                  | Int-5 SInv Stlth+}
 30439 | Snake:1  | Entered Level 1 of the Snake Pit
 30439 | Snake:1  | Found a runed translucent gate.
 30439 | Snake:1  | Found a runed translucent gate.
 30440 | Snake:1  | Upgraded the game from 0.31-a0-174-g85c54bcb58 to
                  | 0.31-a0-182-gc5ef74bbde
 30443 | Snake:1  | Noticed Midn8's ghost (journeyman DsRe)
 30529 | Snake:1  | Found a runed translucent gate.
 30566 | Snake:1  | Noticed Aizul
 30580 | Snake:1  | Killed Aizul
 31031 | Lair:2   | Killed Midn8's ghost
 31368 | Snake:2  | Received a gift from Okawaru
 31752 | Snake:2  | Received a gift from Okawaru
 32090 | Snake:3  | Found Nymmaume's Weapon Shoppe.
 32969 | Snake:3  | Found a runed translucent door.
 33044 | Snake:3  | Identified the +3 leather armour of Soft Creativity {SInv}
 33066 | Snake:4  | Entered Level 4 of the Snake Pit
 33454 | Snake:4  | Reached XP level 20. HP: 130/140 MP: 20/20
 35044 | Snake:4  | Received a gift from Okawaru
 35078 | Snake:4  | Got a serpentine rune of Zot
 35258 | Snake:4  | Found Adobec's Weapon Shop.
 35260 | Snake:4  | Found Xeogox's General Store.
 35260 | Snake:4  | Found Veleskiu's Weapon Shop.
 35265 | Snake:4  | Found Ixoz Jax's Antique Weapon Boutique.
 35853 | Vaults:1 | Entered Level 1 of the Vaults
 36857 | Vaults:1 | Identified the amulet "Qadun" {Spirit rF+}
 37361 | D:11     | Killed IdlyInterested's ghost
 37850 | Vaults:2 | Noticed Margery
 37895 | Abyss:2  | Cast into level 2 of the Abyss (hell knight)
 38242 | Abyss:3  | Reached XP level 21. HP: 147/147 MP: 21/21
 38324 | Abyss:3  | Noticed a bone dragon
 38355 | Abyss:3  | Killed a bone dragon
 38544 | Abyss:3  | Gained mutation: You are extremely frail. (-30% HP) [a
                  | neqoxec]
 38581 | Abyss:3  | Received a gift from Okawaru
 38629 | Abyss:4  | Lost mutation: Potions are less effective at restoring your
                  | health. [potion of mutation]
 38629 | Abyss:4  | Lost mutation: You are frail. (-10% HP) [potion of
                  | mutation]
 38629 | Abyss:4  | Gained mutation: You have a beak for a mouth. [potion of
                  | mutation]
 38629 | Abyss:4  | Lost mutation: You have a beak for a mouth. [potion of
                  | mutation]
 38646 | Abyss:4  | Found a corrupted altar of Lugonu.
 38727 | Vaults:2 | Escaped the Abyss
 38781 | Vaults:2 | Killed Margery
 39872 | Vaults:2 | Found a staircase to the Crypt.
 39993 | Vaults:2 | Identified the +2 ice dragon scales "Waolocw" {rF- rC++ rN+
                  | Dex+4 Slay+2 SInv} (Okawaru gifted it to you on level 2 of
                  | the Vaults)
 39993 | Vaults:2 | Received a gift from Okawaru
 41096 | Vaults:3 | Reached XP level 22. HP: 88/155 MP: 22/22
 41309 | Vaults:3 | Found a transporter.
 41454 | Vaults:3 | Identified the +0 mace "Xinaigy" {freeze, rPois rF+}
                  | (Okawaru gifted it to you on level 3 of the Vaults)
 41454 | Vaults:3 | Received a gift from Okawaru
 41628 | Vaults:3 | Found a transporter.
 41628 | Vaults:3 | Found a runed translucent door.
 41628 | Vaults:3 | Found a bloodstained altar of Trog.
 41628 | Vaults:3 | Found the necklace of Bloodlust {Fury *Rage Will++ Int-3
                  | Slay+6}
 41705 | Vaults:3 | Identified the +1 chain mail of Wu Jian's Regard {rPois
                  | Dex+3}
 42106 | Vaults:4 | Found a crumbling gateway.
 42108 | Vaults:4 | Found a glowing silver altar of Zin.
 42108 | Vaults:4 | Found a glowing golden altar of the Shining One.
 42108 | Vaults:4 | Found a white marble altar of Elyvilon.
 42161 | Desolati | Entered the Desolation of Salt
 43246 | Desolati | Found the +8 Wrath of Trog {antimagic, *Rage Rampage}
 43269 | Desolati | Identified the ring "Sotri" {Fly rPois rC++ Int-4}
 43271 | Desolati | Identified the +1 chain mail of Cawueday {Contam Will+
                  | rCorr Str+3}
 43347 | Desolati | Received a gift from Okawaru
 43646 | Desolati | Identified the amulet of Juunakox {Reflect rElec Int+2
                  | SH+5}
 43819 | Desolati | Identified the +1 pair of boots of Bad Feelings {rCorr}
 43820 | Desolati | Identified the ring "Xauloeng" {Str+2 Int-3 Dex+6 Stlth+}
 43825 | Desolati | Identified the staff "Vuosaish" {rPois rF+ Will+ Str+5
                  | Dex-5 Fire}
 43844 | Desolati | Identified the +2 longbow of Tenacity {antimagic, Contam
                  | rF+ rC+}
 45060 | Vaults:5 | Entered Level 5 of the Vaults
 45139 | Vaults:4 | Reached XP level 23. HP: 164/164 MP: 23/23
 45142 | Vaults:5 | Noticed a golden dragon
 45157 | Vaults:5 | Killed a golden dragon
 45283 | Vaults:5 | Identified the +9 mace "Biupn" {drain, +Blink rPois MP-9
                  | Dex+8} (Okawaru gifted it to you on level 5 of the Vaults)
 45283 | Vaults:5 | Received a gift from Okawaru
 45455 | Abyss:4  | Cast into level 4 of the Abyss (vault guard)
 45525 | Vaults:5 | Escaped the Abyss
 45843 | Vaults:5 | Identified the +5 double sword "Peybug" {heavy, rElec rF+
                  | Will- Dex+3} (Okawaru gifted it to you on level 5 of the
                  | Vaults)
 45843 | Vaults:5 | Received a gift from Okawaru
 45902 | Vaults:5 | Noticed an ancient lich
 45908 | Vaults:5 | Identified the ring "Gaepret" {Drain rF++ SInv}
 45913 | Vaults:5 | Killed an ancient lich
 46058 | Vaults:5 | Identified the +3 lajatang of Peekeitt {protect, rElec
                  | Dex+5}
 46091 | Vaults:5 | Noticed a golden dragon
 46091 | Vaults:5 | Noticed an ancient lich
 46091 | Vaults:5 | Noticed a dread lich
 46105 | Vaults:5 | Killed an ancient lich
 46121 | Vaults:5 | Killed a dread lich
 46123 | Vaults:5 | Identified the +0 plate armour of Orotz {Int+5} (Okawaru
                  | gifted it to you on level 5 of the Vaults)
 46123 | Vaults:5 | Received a gift from Okawaru
 46138 | Vaults:5 | Identified the +2 mace "Zexott" {heavy, Str+3 Dex+3}
 46151 | Vaults:5 | HP: 3/167 [fire giant/+2 great sword of flaming (14)]
 46151 | Vaults:5 | HP: 1/167 [fire giant/+2 great sword of flaming (2)]
 46190 | Vaults:5 | Killed a golden dragon
 46200 | Vaults:5 | HP: 3/250 [vault warden/+1 long sword of holy wrath (17)]
 46203 | Vaults:5 | Slain by a vault warden

Illustrated notes

Levels and vault maps discovered:
D:1:      dpeg_arrival_castle, layout_loops_corners,
          ebering_ecumenical_altar_mist
D:2:      layout_basic
D:3:      layout_loops_ring, nicolae_ru_sacrificial_ziggurat,
          nemelex_diamond_rough_becter
D:4:      kennysheep_big_flooded_room, layout_loops_cross, tso_altar,
          kennysheep_little_box, serial_shops, nicolae_shop_trees
D:5:      layout_basic, lemuel_zombie_altar_yredelemnul,
          minmay_temple_entry_wispy, serial_shops, shop, minmay_misc_feat_roman,
          minmay_misc_feat_cross, uniq_blork_the_orc, uniq_pikel, uniq_menkaure
D:6:      layout_gridville, ebering_ghost_disaster_area,
          nicolae_shop_i_like_big_books, hex_large, uniq_sigmund,
          uniq_prince_ribbit1
D:7:      layout_basic, amcnicky_altar_gilded, st_stairs_11
D:8:      layout_rooms, grunt_dithmenos_smoke_and_mirrors, uniq_erica
D:9:      layout_loops_cross, pdpol_temple_overflow_zin_treasury_gozag_greed,
          mainiacjoe_overflow_paths, cheibrodos_ashenzari_chains,
          mainiacjoe_overflow_cross_hatched
D:10:     layout_basic, trog_hazing_becter, erik_lair_dragon, serial_shops,
          nicolae_shop_tiny_real_fake_doors
D:11:     layout_cave_pools, orc_0_dummy, gammafunk_ghost_arena
D:12:     layout_gridville, uniq_nessos, uniq_urug, uniq_snorg
D:13:     layout_rooms, serial_shops, shop
D:14:     layout_grid_maze, lightli_vaults_fourway_checkpoint,
          gauntlet_entry_generic, minivault_11, uniq_louise
D:15:     hangedman_depths_entry_try_elsewhere_first, layout_basic,
          chequers_serial_rivers_room_a, abandoned_shop, uniq_rupert
Temple:   dpeg_three_leaves_temple
Lair:1:   layout_loops_ring, evilmike_ambush [evilmike_ambush_outer_doors,
          evilmike_ambush_inner_basic]
Lair:2:   layout_chaotic_city, nicolae_snake_entry_squirm
Lair:3:   layout_cave_pods, minmay_swamp_entry_swarm,
          portal_ice_cave_entry_ice_simulacra, grunt_megastairs_5,
          infiniplex_staircase_pool, lemuel_fruit_fields, uniq_kirke
Lair:4:   layout_gridlike, nicolae_slime_entry_field_trip
Lair:5:   evil_forest, layout_loops_ring
Swamp:1:  layout_basic_swamp, nicolae_swamp_triple_paths
Swamp:2:  layout_basic_swamp, evilmike_swamp_ruin_rubble_2, swamp_pool2,
          worms_lemuel, uniq_mlioglotl, uniq_roxanne
Swamp:3:  layout_basic_swamp, evilmike_swamp_ruin_house_1
Swamp:4:  nzn_swamp_witches_coven, layout_basic_swamp, swamp_pool1,
          serial_swamp_ruin, evilmike_swamp_ruin_house_5,
          evilmike_swamp_ruin_house_2, hangedman_swamp_ruin_wall,
          nicolae_swamp_tree_designs
Snake:1:  layout_misc_corridors, gammafunk_ghost_split, uniq_aizul
Snake:2:  layout_basic
Snake:3:  cheibrodos_toxic_ritual, layout_honeycomb, serial_shops, shop
Snake:4:  johnstein_snake_rune_scales, layout_cave_town,
          nicolae_snake_serpentine_hallways, minmay_shoptagon
Orc:1:    layout_caves
Orc:2:    grunt_orc_tribal_feast, layout_diamond_mine, serial_shops,
          nicolae_shop_crystal
Elf:1:    elf_arrival_002, layout_gridlike, evilmike_minifort,
          nicolae_shop_overcharged_wands, roderic_lattice_octagonal_star
Elf:2:    nicolae_elf_blades_crystal_corner, layout_gridlike, serial_shops,
          nicolae_shop_temple_entry_statues_fountains, nicolae_elf_crossing_hall
Elf:3:    minmay_elf_hall_x, layout_geoelf_grid, serial_shops, bzr_entry_safe,
          shop, small_chamber_with_monster
Vaults:1: nicolae_vaults_network_barrier, ontoclasm_vaults_pinch,
          nicolae_vaults_network_star, hangedman_vaults_trim,
          nicolae_vaults_loss_of_containment, nicolae_vaults_layer_cake_slice,
          nicolae_vaults_tetromino_T_1, layout_vaults_quadrants
Vaults:2: nicolae_vaults_shipping_containers_5, vaults_standard_mumra_x,
          v_misc_10, minmay_crypt_entry_simple_plaza, vaults_dpeg_ring,
          nicolae_vaults_little_ls, layout_vaults_chaotic_city, uniq_margery
Vaults:3: emtedronai_trogs_sanctum, v_rooms_2, v_rooms_3,
          vaults_mumra_minichess_inversion, nicolae_vaults_stairing_the_circle,
          nicolae_vaults_little_squares_4, vaults_mumra_lcd, v_misc_1,
          v_misc_22, nicolae_vaults_two_Ls, layout_vaults_omnibox
Vaults:4: portal_desolation_entry_holy_temple, nicolae_vaults_murderbox,
          nicolae_vaults_hexular_roomagon, vaults_mumra_chevron,
          grunt_vaults_hallway_short, v_alt_pattern_4, v_misc_31,
          vaults_dpeg_encased_lava, nicolae_vaults_trapezoid_lopsided_1,
          v_misc_3, vaults_dpeg_hooks, nicolae_vaults_frosty_reception,
          nicolae_vaults_apartment_1, layout_vaults_maze_snakey
Vaults:5: serial_shops

Skill      XL: |  1  2  3  4  5  6  7  8  9 10 11 12 13 14 15 16 17 18 19 20 21 22 23 |
---------------+----------------------------------------------------------------------+-----
Armour         | 4 5 6 8 9 10 12 13 14 15 16 17 18 19 20 21 22 23 | 23.0
Shields        | 4 5 6 8 10 12 14 15 16 17 18 19 20 21 22 23 24 | 24.5
Fighting       | 4 5 6 8 9 10 12 13 14 15 16 17 18 19 20 21 23 24 | 24.2
Maces & Flails | 3 4 5 7 8 9 11 12 13 14 15 16 17 18 19 20 22 | 22.0

Action                     |  1- 3 |  4- 6 |  7- 9 | 10-12 | 13-15 | 16-18 | 19-21 | 22-24 || total
---------------------------+-------+-------+-------+-------+-------+-------+-------+-------++-------
  Melee: Flail             |    75 |       |       |       |       |       |       |       ||    75
         Morningstar       |    53 |   151 |       |       |       |       |       |       ||   204
         Demon whip        |       |    15 |   183 |   634 |  1268 |       |       |       ||  2100
         Eveningstar       |       |       |       |       |   273 |  1461 |  1715 |  1006 ||  4455
  Throw: Dart              |       |       |       |       |       |     1 |       |       ||     1
 Invoke: Heroism           |       |       |     1 |     2 |    12 |    15 |    19 |    15 ||    64
    Use: Scroll            |       |     9 |     3 |     7 |    12 |    11 |     2 |     7 ||    51
         Potion            |       |       |       |       |    13 |     2 |    12 |    11 ||    38
 Armour: Scale mail        |    99 |   128 |       |       |       |       |       |       ||   227
         Crystal plate arm |       |    11 |   122 |   299 |   271 |       |       |       ||   703
         Plate armour      |       |       |       |       |   618 |   823 |   979 |   620 ||  3040
  Dodge: Dodged            |    88 |   130 |    28 |    86 |   364 |   286 |   364 |   222 ||  1568
  Block: Buckler           |    49 |    69 |    29 |    30 |       |       |       |       ||   177
         Reflection        |       |     1 |       |       |       |       |       |       ||     1
         Kite shield       |       |       |       |   231 |   694 |       |       |       ||   925
         Tower shield      |       |       |       |       |   325 |  1450 |  1830 |  1103 ||  4708

Table legend: (Time is in decaauts)
 A = Elapsed time spent in this place.
 B = Non-inter-level travel time spent in this place.
 C = Inter-level travel time spent in this place.
 D = Time resting spent in this place.
 E = Time spent auto-exploring this place.
 F = Levels seen in this place.
 G = Mean time per level.
                   A        B        C        D        E       F      G
               +--------+--------+--------+--------+--------+-----+--------+
         Total |  44729 |  41475 |   3254 |   7239 |  21002 |  46 |  972.4 |
       Dungeon |  12825 |  11374 |   1451 |    336 |   7651 |  15 |  855.0 |
        Temple |     81 |     69 |     12 |      0 |     58 |   1 |   81.0 |
          Lair |   5438 |   4933 |    505 |    366 |   3219 |   5 | 1087.6 |
         Swamp |   5027 |   4744 |    283 |   1633 |   1691 |   4 | 1256.8 |
     Snake Pit |   5043 |   4890 |    153 |   1353 |   2419 |   4 | 1260.8 |
  Orcish Mines |   1383 |   1289 |     94 |     97 |    794 |   2 |  691.5 |
   Elven Halls |   4521 |   4228 |    293 |    814 |   1429 |   3 | 1507.0 |
        Vaults |   7063 |   6602 |    461 |    995 |   3358 |   5 | 1412.6 |
         Abyss |    836 |    836 |      0 |    304 |      0 |   4 |  209.0 |
        Bazaar |     34 |     34 |      0 |      0 |     28 |   1 |   34.0 |
      Ice Cave |    715 |    715 |      0 |    331 |    141 |   1 |  715.0 |
    Desolation |   1758 |   1758 |      0 |   1009 |    213 |   1 | 1758.0 |
               +--------+--------+--------+--------+--------+-----+--------+

Top non-repeatable levels by time:
 Snake:4: 2314 daAuts
   Elf:2: 1996 daAuts
 Swamp:4: 1887 daAuts
Vaults:3: 1869 daAuts
Vaults:2: 1772 daAuts
Desolation: 1758 daAuts
  Lair:3: 1530 daAuts
Vaults:1: 1348 daAuts
    D:10: 1343 daAuts
    D:14: 1337 daAuts
   Elf:3: 1314 daAuts
 Swamp:3: 1264 daAuts
     D:1: 1251 daAuts
   Elf:1: 1210 daAuts
Vaults:4: 1171 daAuts
